 Dungeon Crawl Stone Soup version 0.30-a0-557-ge2afbf3030 (webtiles) character file.

Game seed: 1241745173374968477

41 Shayle the Conjurer (level 3, -2/22 HPs)
             Began as a Tengu Reaver on Dec 27, 2022.
             Slain by an orc wizard
             ... wielding a +2 dagger of venom
              (3 damage)
             ... on level 2 of the Dungeon.
             The game lasted 00:03:29 (1116 turns).

Shayle the Conjurer (Tengu Reaver)                  Turns: 1116, Time: 00:03:30

Health: -2/22      AC:  3    Str: 18    XL:     3   Next: 52%
Magic:  7/7        EV: 12    Int: 15    God:
Gold:   58         SH:  0    Dex: 12    Spells: 5/6 levels left

rFire   . . .      SeeInvis .    a - +0 spear
rCold   . . .      Faith    .    (no shield)
rNeg    . . .      Spirit   .    b - +0 leather armour
rPois   .          Reflect  .    (helmet restricted)
rElec   .          Harm     .    (no cloak)
rCorr   .          Rampage  .    (no gloves)
Will    .....                    (boots unavailable)
Stlth   +                        (no amulet)
HPRegen 0.23/turn                d - +6 ring of strength
MPRegen 0.10/turn                (no ring)

@: confused, lethally poisoned (-2 -> -9), hasted, very quick
A: beak, talons 3
a: no special abilities


You were on level 2 of the Dungeon.
You visited 1 branch of the dungeon, and saw 2 of its levels.

You collected 58 gold pieces.

Inventory:

Hand Weapons
 a - a +0 spear (weapon)
Armour
 b - a +0 leather armour (worn)
Jewellery
 d - a +6 ring of strength (left hand)
Scrolls
 c - a scroll of enchant armour {unknown}
 e - 3 scrolls of identify {unknown}
 f - a scroll of fog {unknown}
 k - a scroll of noise {unknown}
 l - a scroll of immolation {unknown}
Potions
 g - a potion of curing {unknown}
 h - 2 potions of haste
 i - a potion of lignification {unknown}
 j - 2 potions of brilliance {unknown}


   Skills:
 + Level 2.7 Fighting
 - Level 3.2 Polearms
 + Level 3.0 Dodging
 - Level 2.0 Spellcasting
 - Level 4.0 Conjurations
 + Level 1.7 Necromancy


You had 5 spell levels left.
You knew the following spells:

 Your Spells              Type           Power      Damage    Failure   Level
a - Kiss of Death         Conj/Necr      40%        2d8       9%          1

Your spell library contained the following spells:

 Spells                   Type           Power      Damage    Failure   Level
 Momentum Strike          Conj/Tloc      14%        3d8       17%         2
 Hailstorm                Conj/Ice       7%         3d4       34%         3


Dungeon Overview and Level Annotations

Branches:
Dungeon (2/15)

Altars:
Fedhas


Innate Abilities, Weirdness & Mutations

You have a beak for a mouth.
You have claws for feet.


Message History

The orc wizard is heavily wounded.
The orc wizard points at you and mumbles some strange words.
The puff of flame hits you.
You bump into the rock wall.
The orc wizard casts a spell at you. You resist with significant effort.
You hit the orc wizard.
The orc wizard is severely wounded.
The orc wizard closely misses you.
You closely miss the orc wizard. You claw the orc wizard.
Your peck misses the orc wizard.
The orc wizard is almost dead.
You miss the orc wizard.
The orc wizard is almost dead.
The orc wizard gestures wildly while chanting.
The orc wizard flickers and vanishes!
You bump into the rock wall.
You hear some strange, mumbled words.
You are more confused.
You miss something. Your kick misses something. Your peck misses something.
Your punch misses something.
You hear some strange, mumbled words.
You are more confused.
You closely miss something. Your kick misses something. Something hits you.
You are poisoned.
You bump into the rock wall.
You feel sick. Something hits you.
You are lethally poisoned!
* * * LOW HITPOINT WARNING * * *
You feel very sick.
You hear some strange, mumbled words.
A puff of flame appears from out of thin air!
The puff of flame misses you.
You bump into the rock wall.
* * * LOW HITPOINT WARNING * * *
You feel sick.
It was a potion of haste.
You feel yourself speed up.
* * * LOW HITPOINT WARNING * * *
You feel very sick. Something hits you.
You die...

##..# #.# ##..##
#.###### ####..##
#......# ###....##
#......#
####...#########......#
.........o............#
...#############......#
.### #{.....# ##
#####@..####
#..........#
#..<.......#
#......)...#
############


There were no monsters in sight!

Vanquished Creatures
  A worm (D:2)
  A dart slug (D:1)
  An orc (D:2)
  A ball python (D:1)
  2 bats (D:1)
  4 endoplasms (D:1)
  2 giant cockroaches
  4 goblins
  2 hobgoblins (D:1)
  4 jackals (D:1)
  3 kobolds (D:1)
  3 frilled lizards (D:1)
  2 rats (D:1)
30 creatures vanquished.

Notes
Turn   | Place    | Note
-------+----------+-------------------------------------------
     0 | D:1      | Shayle the Tengu Reaver began the quest for the Orb.
     0 | D:1      | Reached XP level 1. HP: 12/12 MP: 4/4
    49 | D:1      | Reached XP level 2. HP: 17/17 MP: 6/6
    98 | D:1      | Reached skill level 1 in Necromancy
   357 | D:1      | Reached XP level 3. HP: 13/22 MP: 7/7
  1043 | D:2      | Found a blossoming altar of Fedhas.
  1116 | D:2      | HP: 1/22 [poisoned by an orc wizard]
  1116 | D:2      | Slain by an orc wizard

Illustrated notes

Levels and vault maps discovered:
D:1:      spicycebolla_green_bress_n_ham, layout_basic, nicolae_wormholes
D:2:      layout_rooms, basic_altar, shapermc_ecumenical_altar_totnotflames,
          serial_bayou_pond_e

Skill      XL: |  1  2  3 |
---------------+----------+-----
Necromancy     | 1 |  1.7
Dodging        | 3 |  3.0
Fighting       | |  2.7
Polearms       | |  3.2
Spellcasting   | |  2.0
Conjurations   | |  4.0

Action                   || total
-------------------------++-------
Melee: Spear             ||    67
       Kick              ||    15
       Peck              ||    10
  Use: Potion            ||     1
Armor: Leather armour    ||    17
Dodge: Dodged            ||    37

Table legend: (Time is in decaauts)
 A = Elapsed time spent in this place.
 B = Non-inter-level travel time spent in this place.
 C = Inter-level travel time spent in this place.
 D = Time resting spent in this place.
 E = Time spent auto-exploring this place.
 F = Levels seen in this place.
 G = Mean time per level.
                   A        B        C        D        E       F      G
               +--------+--------+--------+--------+--------+-----+--------+
         Total |   1112 |   1076 |     36 |      4 |    739 |   2 |  556.0 |
       Dungeon |   1112 |   1076 |     36 |      4 |    739 |   2 |  556.0 |
               +--------+--------+--------+--------+--------+-----+--------+

Top non-repeatable levels by time:
     D:1: 948 daAuts
     D:2: 163 daAuts
